 Dungeon Crawl Stone Soup version 0.29.1-1-gd02db6906a (webtiles) character file.

Game seed: 10656162098861569465

11820 Zeld the Cleaver (level 11, -3/101 HPs)
             Began as a Minotaur Berserker on Oct 8, 2022.
             Was an Elder of Trog.
             Succumbed to Sonja's curare-tipped dart
             ... on level 10 of the Dungeon.
             The game lasted 00:13:02 (13041 turns).

Zeld the Cleaver (Minotaur Berserker)              Turns: 13041, Time: 00:13:02

Health: -3/101     AC: 21    Str: 25    XL:     11   Next: 54%
Magic:  10/10      EV: 10    Int:  4    God:    Trog [****..]
Gold:   698        SH:  0    Dex: 11    Spells: 10/10 levels left

rFire   . . .      SeeInvis .   a - +3 broad axe
rCold   . . .      Faith    .   (no shield)
rNeg    . . .      Spirit   .   b - +0 plate armour
rPois   .          Reflect  .   (helmet restricted)
rElec   .          Harm     .   p - +0 cloak
rCorr   +          Rampage  .   s - +1 pair of gloves
Will    ++...                   h - +1 pair of boots
Stlth   ..........              (no amulet)
HPRegen 1.26/turn               K - ring of resist corrosion
MPRegen 0.12/turn               (no ring)

@: lethally poisoned (-3 -> -13), strong-willed, on berserk cooldown,
regenerating, slowed, very slow
A: horns 2, retaliatory headbutt
a: Renounce Religion, Berserk, Trog's Hand, Brothers in Arms


You were on level 10 of the Dungeon.
You worshipped Trog.
Trog was greatly pleased with you.
You visited 2 branches of the dungeon, and saw 11 of its levels.
You visited the Abyss 1 time.
You also visited: Sewer and Bailey.

You collected 698 gold pieces.

Inventory:

Hand Weapons
 a - a +3 broad axe (weapon)
 c - a +0 broad axe
Missiles
 k - 17 poisoned darts
 r - 6 boomerangs
 J - 5 javelins
Armour
 b - a +0 plate armour (worn)
 h - a +1 pair of boots (worn)
 p - a +0 cloak (worn)
 s - a +1 pair of gloves (worn)
Jewellery
 K - a ring of resist corrosion (left hand)
Wands
 z - a wand of roots (16)
 A - a wand of polymorph (9)
 G - a wand of flame (17)
Scrolls
 f - a scroll of acquirement {unknown}
 g - 2 scrolls of summoning {unknown}
 i - 4 scrolls of blinking
 j - 4 scrolls of fear
 l - a scroll of immolation {unknown}
 u - a scroll of torment {unknown}
 v - 2 scrolls of amnesia {unknown}
 y - 4 scrolls of teleportation
 D - a scroll of silence {unknown}
 F - 2 scrolls of brand weapon {unknown}
 I - 2 scrolls of magic mapping {unknown}
Potions
 d - 2 potions of experience {unknown}
 e - a potion of ambrosia {unknown}
 m - 3 potions of haste {unknown}
 n - 3 potions of berserk rage {unknown}
 o - a potion of heal wounds {unknown}
 q - 3 potions of mutation {unknown}
 t - 2 potions of degeneration {unknown}
 w - 2 potions of flight {unknown}
 B - 3 potions of lignification {unknown}
 C - a potion of might {unknown}
 E - 3 potions of curing {unknown}
 H - a potion of resistance {unknown}


   Skills:
 + Level 10.6 Fighting
 * Level 14.3 Axes
 + Level 10.2 Armour
 + Level 9.4 Dodging


You had 10 spell levels left.
You didn't know any spells.
Your spell library was empty.

Dungeon Overview and Level Annotations

Branches:
Dungeon (10/15)            Temple (1/1) D:4            Lair (0/5) D:8
    Orc (0/2) D:9           Sewer (visited)          Bailey (visited)

Altars:
Ashenzari
Cheibriados
Dithmenos
Elyvilon
Fedhas
Gozag
Hepliaklqana
Kikubaaqudgha
Makhleb
Nemelex Xobeh
Okawaru
Qazlal
Ru
Sif Muna
Trog
Uskayaw
Vehumet
Wu Jian
Xom
Yredelemnul
Zin
The Shining One

Shops:
D:4 :

Annotations:
D:7 4 runed translucent doors, Crazy Yiuf; miserystealer's ghost, novice BaFi; turdburglar's ghost, novice TrFi
D:10 Sonja


Innate Abilities, Weirdness & Mutations

You have a pair of horns on your head.
You reflexively headbutt those who attack you in melee.


Message History

You start resting.
You feel a strong urge to attack something.
You start resting.
You feel your anger nearly subside.
You are no longer berserk.
You are exhausted.
You feel yourself slow down.
You start resting.
A small abomination comes into view.
A small abomination is nearby!
You pass through the gate.
Welcome back to the Dungeon!
Level annotation: Sonja Sonja casts a spell.
Sonja blinks!
There is an open door here.
Unknown command.
As you read the scroll of teleportation, it crumbles to dust.
You feel strangely unstable.
Sonja hits you with a +2 dagger of distortion.
* * * LOW HITPOINT WARNING * * *
Space warps around you.
* * * LOW HITPOINT WARNING * * *
Sonja barely misses you. Sonja hits you but does no damage.
Space warps horribly around you!
* * * LOW HITPOINT WARNING * * *
Sonja casts a spell.
Sonja blinks!
Unknown command.
Sonja throws a curare-tipped dart.
The curare-tipped dart hits you.
You are lethally poisoned!
You have difficulty breathing.
* * * LOW HITPOINT WARNING * * *
You feel as though you will be slow longer.
Okay, then.
Your skin crawls.
You feel strong-willed.
Your surroundings suddenly seem different.
A howler monkey comes into view.
Found a scroll of enchant weapon.
Found an escape hatch in the ceiling.
You die...

##########
#.@......#
#.........
#........#
..h...<...
.#.........
#.#.........
# #####+##.?
..


You could see a howler monkey (asleep).

Vanquished Creatures
  A tentacled starspawn (Abyss:1)
  2 vault guards (Bailey)
  A two-headed ogre (D:10)
  Pikel (D:5)
  Prince Ribbit (Bailey)
  Grinder (D:4)
  A shadow (D:10)
  A ynoxinul (Abyss:1)
  3 humans (Bailey)
  5 yaks (D:8)
  Grum (D:9)
  2 wargs (D:9)
  Duvessa (D:5)
  2 acid dragons
  An ice beast (D:5)
  3 orc warriors
  3 ogres
  4 wolves (D:9)
  3 centaurs
  A kobold brigand (D:6)
  3 lemures (D:5)
  13 bullfrogs
  2 necrophages (D:4)
  A gnoll sergeant (D:7)
  2 scorpions
  10 wights
  12 killer bees
  Dowan (D:5)
  5 howler monkeys
  3 hounds
  2 jellies (D:5)
  A gnoll bouda (D:6)
  11 orc priests
  3 iguanas (D:5)
  18 orc wizards
  13 gnolls
  4 adders
  A white imp (D:6)
  3 worms
  2 dart slugs
  54 orcs
  3 bats
  3 endoplasms
  11 giant cockroaches
  4 goblins
  8 hobgoblins
  3 jackals (D:4)
  9 kobolds
  4 quokkas
  10 ball pythons
  10 frilled lizards
  3 rats (D:1)
  3 starspawn tentacles (Abyss:1)
273 creatures vanquished.

Vanquished Creatures (collateral kills)
  A two-headed ogre (D:10)
  2 humans (Bailey)
  A bullfrog (Bailey)
4 creatures vanquished.

Vanquished Creatures (others)
  3 demonic plants (D:1)
  4 plants (D:3)
  2 starspawn tentacles (Abyss:1)
  2 withered plants (D:7)
11 creatures vanquished.

Grand Total: 288 creatures vanquished

Notes
Turn   | Place    | Note
-------+----------+-------------------------------------------
     0 | D:1      | Zeld the Minotaur Berserker began the quest for the Orb.
     0 | D:1      | Reached XP level 1. HP: 19/19 MP: 0/0
   193 | D:1      | Reached XP level 2. HP: 27/27 MP: 1/1
   216 | D:1      | Found a faded altar of an unknown god.
   253 | D:1      | Reached skill level 4 in Axes
   950 | D:2      | Reached XP level 3. HP: 26/33 MP: 2/2
  1193 | D:3      | You fall into a shaft and drop 1 floor!
  1193 | D:4      | Found a staircase to the Ecumenical Temple.
  1208 | D:4      | Noticed Grinder
  1235 | D:4      | Reached ** piety under Trog
  1239 | D:4      | Killed Grinder
  1240 | D:4      | Reached skill level 5 in Axes
  1240 | D:4      | Reached XP level 4. HP: 36/41 MP: 3/3
  1240 | D:4      | Reached XP level 5. HP: 42/47 MP: 4/4
  1458 | D:4      | Found a white marble altar of Elyvilon.
  1522 | D:3      | Reached XP level 6. HP: 38/55 MP: 5/5
  1679 | D:3      | Reached skill level 6 in Axes
  1682 | D:3      | Found a glowing drain.
  1690 | Sewer    | Entered a sewer
  2331 | Sewer    | Reached skill level 5 in Fighting
  2848 | D:3      | Identified the +1 robe of Dairobif {+Inv rF+ rCorr Dex+2}
  2873 | D:3      | Reached XP level 7. HP: 59/61 MP: 6/6
  3309 | D:4      | Reached *** piety under Trog
  3310 | D:4      | Reached skill level 7 in Axes
  3652 | D:4      | Found Zabar's Book Shop.
  3815 | D:4      | Reached skill level 5 in Armour
  3996 | D:5      | Entered Level 5 of the Dungeon
  4185 | Temple   | Entered the Ecumenical Temple
  4609 | D:5      | Noticed Duvessa
  4609 | D:5      | Noticed Dowan
  4612 | D:5      | Killed Dowan
  4620 | D:5      | Killed Duvessa
  4841 | D:5      | Reached skill level 8 in Axes
  4841 | D:5      | Reached XP level 8. HP: 64/70 MP: 7/7
  4882 | D:5      | Reached skill level 5 in Dodging
  6180 | D:6      | Noticed Pikel
  6191 | D:5      | Reached skill level 9 in Axes
  6380 | D:5      | Killed Pikel
  6381 | D:5      | Reached XP level 9. HP: 31/79 MP: 8/8
  7000 | D:6      | Identified the +2 mace of Dekyit {flame, rC+}
  7227 | D:7      | Reached skill level 10 in Axes
  8237 | D:7      | Reached **** piety under Trog
  8590 | D:7      | Found a runed translucent door.
  8591 | D:7      | Noticed Crazy Yiuf
  8743 | D:7      | Found a runed translucent gate.
  8744 | D:7      | Found a runed translucent gate.
  8745 | D:7      | Found a runed translucent gate.
  8746 | D:7      | Noticed turdburglar's ghost (novice TrFi)
  8747 | D:7      | Noticed miserystealer's ghost (novice BaFi)
  8767 | D:7      | Reached skill level 11 in Axes
  8874 | D:8      | Found a flagged portal.
  8874 | D:8      | Found a staircase to the Lair.
  8882 | Bailey   | Entered a bailey
  9045 | Bailey   | Reached XP level 10. HP: 74/90 MP: 9/9
  9293 | Bailey   | Noticed Prince Ribbit
  9295 | Bailey   | Noticed a vault guard
  9303 | Bailey   | Killed Prince Ribbit
  9310 | Bailey   | Killed a vault guard
  9311 | Bailey   | Reached skill level 12 in Axes
  9395 | Bailey   | Noticed a vault guard
  9410 | Bailey   | Killed a vault guard
 10068 | D:8      | Reached skill level 13 in Axes
 10499 | D:9      | Reached XP level 11. HP: 43/99 MP: 10/10
 10506 | D:10     | Entered Level 10 of the Dungeon
 11002 | D:9      | Found a staircase to the Orcish Mines.
 11026 | D:9      | Reached ***** piety under Trog
 11027 | D:9      | Reached skill level 10 in Fighting
 11403 | D:9      | Noticed Grum
 11703 | D:9      | Killed Grum
 12576 | D:10     | Noticed a two-headed ogre
 12579 | D:10     | Noticed a two-headed ogre
 12582 | D:10     | Killed a two-headed ogre
 12590 | D:10     | Killed a two-headed ogre
 12591 | D:10     | Reached skill level 14 in Axes
 12591 | D:10     | Reached skill level 10 in Armour
 12834 | D:10     | Noticed Sonja
 12843 | Abyss:1  | Cast into level 1 of the Abyss (Sonja)
 13014 | Abyss:1  | Noticed a tentacled starspawn
 13031 | Abyss:1  | Killed a tentacled starspawn
 13038 | D:10     | Escaped the Abyss
 13040 | D:10     | HP: 2/101 [asphyx]
 13041 | D:10     | Succumbed to Sonja's curare-tipped dart

Illustrated notes

Levels and vault maps discovered:
D:1:      shiori_arrival_oz, layout_rooms, shapermc_ecumenical_altar_gd
D:2:      layout_rooms
D:3:      layout_basic, portal_sewer_entry_f, serial_bayou_lagoon_a,
          item_on_display_a
D:4:      layout_cave_pools, nicolae_elyvilon_peaceful_grove, temple_doors_e,
          serial_shops, shop, kennysheep_orc_chapel, uniq_grinder
D:5:      layout_layer_cave, uniq_duvessa
D:6:      layout_cave_pools, uniq_pikel
D:7:      layout_rooms, gammafunk_ghost_cemetery, uniq_crazy_yiuf_cottage
D:8:      layout_rooms, lair_entry_dummy, enter_bailey_6
D:9:      layout_rooms, erik_orc_4, uniq_grum
D:10:     layout_basic, grunt_ministairs_4, uniq_sonja
Temple:   roderic_octagonal_lattice_temple

Skill      XL: |  1  2  3  4  5  6  7  8  9 10 11 |
---------------+----------------------------------+-----
Axes           | 4 5 6 8 9 11 13 14 | 14.3
Fighting       | 4 5 6 7 8 9 10 | 10.6
Armour         | 3 4 5 6 8 9 10 | 10.2
Dodging        | 3 4 6 7 8 9 |  9.4

Action                   |  1- 3 |  4- 6 |  7- 9 | 10-12 || total
-------------------------+-------+-------+-------+-------++-------
Melee: Hand axe          |    67 |    95 |    35 |       ||   197
       Headbutt          |     8 |    13 |    42 |    36 ||    99
       Punch             |       |     2 |     5 |       ||     7
       War axe           |       |       |   214 |    47 ||   261
       Broad axe         |       |       |       |   199 ||   199
Invok: Berserk           |     1 |     1 |     8 |     7 ||    17
       Brothers in Arms  |       |       |     1 |     1 ||     2
       Trog's Hand       |       |       |       |     2 ||     2
  Use: Scroll            |       |       |     8 |     6 ||    14
Armor: Animal skin       |    10 |    40 |    72 |    12 ||   134
       Plate armour      |       |       |       |   126 ||   126
Dodge: Dodged            |    51 |    57 |   199 |   137 ||   444
